 Dungeon Crawl Stone Soup version 0.28.0-53-g5a82cb258f (webtiles) character file.

Game seed: 2140371304168249920

1173 yokelz the Basher (level 8, -2/62 HPs)
             Began as a Palentonga Fighter on Aug 8, 2022.
             Slain by a two-headed ogre
             ... wielding a +0 giant club
              (22 damage)
             ... on level 6 of the Dungeon.
             The game lasted 00:09:17 (6906 turns).

yokelz the Basher (Palentonga Fighter)              Turns: 6906, Time: 00:09:17

Health: -2/62      AC: 13    Str: 21    XL:     8   Next: 18%
Magic:  8/8        EV:  7    Int: 10    God:
Gold:   146        SH:  5    Dex: 15    Spells: 7/7 levels left

rFire   . . .      SeeInvis +   x - +2 flail (protect)
rCold   . . .      Faith    .   c - +0 buckler
rNeg    . . .      Spirit   .   b - +0 scale mail
rPois   .          Reflect  .   (no helmet)
rElec   .          Harm     .   (no cloak)
rCorr   .          Rampage  .   (no gloves)
Will    .....                   (no barding)
Stlth   ..........              (no amulet)
HPRegen 0.20/turn               t - +6 ring of dexterity
MPRegen 0.11/turn               (no ring)

@: curled up
A: large, rugged brown scales 3, see invisible, deformed body, roll 1, armoured
tail, reflexive curl
a: Rolling Charge


You were on level 6 of the Dungeon.
You visited 1 branch of the dungeon, and saw 7 of its levels.

You collected 327 gold pieces.
You spent 181 gold pieces at shops.

Inventory:

Hand Weapons
 a - a +0 flail
 q - a +2 whip of freezing
 x - a +2 flail of protection (weapon)
Missiles
 d - 2 throwing nets
Armour
 b - a +0 scale mail (worn)
 c - a +0 buckler (worn)
Jewellery
 i - a ring of positive energy
 l - a ring of fire
 r - a ring of resist corrosion
 s - an amulet of magic regeneration
 t - a +6 ring of dexterity (left hand)
 u - a ring of willpower
Wands
 A - a wand of acid (6)
Scrolls
 e - 3 scrolls of identify {unknown}
 f - 2 scrolls of enchant armour {unknown}
 g - 5 scrolls of amnesia {unknown}
 h - a scroll of immolation {unknown}
 k - a scroll of magic mapping {unknown}
 p - 4 scrolls of teleportation {unknown}
 v - a scroll of holy word {unknown}
 y - a scroll of fog {unknown}
Potions
 j - 2 potions of curing
 m - 2 potions of attraction
 n - a potion of invisibility {unknown}
 o - a potion of brilliance {unknown}
 w - 2 potions of haste {unknown}


   Skills:
 - Level 3.4 Fighting
 + Level 9.5 Maces & Flails
 - Level 2.7 Armour
 - Level 2.8 Shields


You had 7 spell levels left.
You didn't know any spells.
Your spell library contained the following spells:

 Spells                   Type           Power      Damage    Failure   Level
 Slow                     Hex            0%         N/A       78%         1
 Sublimation of Blood     Necr           0%         N/A       89%         2
 Wereblood                Tmut           0%         N/A       89%         2
 Confusing Touch          Hex            0%         N/A       98%         3
 Ignite Poison            Fire/Tmut/Pois 0%         N/A       98%         3
 Mephitic Cloud           Conj/Pois/Air  0%         N/A       98%         3
 Vampiric Draining        Necr           0%         2d6       98%         3
 Freezing Cloud           Conj/Ice/Air   0%         6-21      100%        5
 Yara's Violent Unravell  Hex/Tmut       0%         3d3       100%        5
 Enfeeble                 Hex            0%         N/A       100%        7
 Summon Hydra             Summ           0%         N/A       100%        7


Dungeon Overview and Level Annotations

Branches:
Dungeon (7/15)
 Temple: D:4-7

Altars:
Dithmenos
Nemelex Xobeh
Qazlal
Sif Muna
Trog
Uskayaw
Vehumet
Wu Jian
Xom
The Shining One

Shops:
D:1 [   D:4 (


Innate Abilities, Weirdness & Mutations

You are completely covered in rugged brown scales. (AC +3, +7% HP)
You have supernaturally acute eyesight. (SInv)
Armour fits poorly on your strangely shaped body.
You can roll at nearby foes to attack.
You have a long armoured tail.
You curl defensively after being hit. (AC +7*)


Message History

You destroy the bullfrog skeleton!
There is a stone staircase leading down here.
You climb downwards.
Found 13 stones and a robe.
Found an escape hatch in the ceiling.
There is a stone staircase leading up here.
A wight comes into view. It is wielding a +0 flail.
There is a stone staircase leading up here.
You thump the wight!
Your weapon exudes an aura of protection.
The wight is almost destroyed.
You block the wight's attack.
You hit the wight.
You destroy the wight!
The wight barely misses you.
You closely miss the wight. The wight closely misses you.
You sock the wight!
The wight is heavily damaged.
You sock the wight!
You destroy the wight!
You start waiting.
A hornet comes into view.
A hornet is nearby!
Found 11 stones.
Found an escape hatch in the floor.
The hornet buzzes angrily.
You hear an angry buzzing noise.
A hornet comes into view.
There is a stone staircase leading up here.
You climb upwards.
The orc completely misses you.
The two-headed ogre hits you with a +0 giant club!!
Ouch! That really hurt!
The two-headed ogre hits you with a +0 giant spiked club!
The orc hits you but does no damage.
There is a stone staircase leading down, spattered with blood here.
Unknown command.
You feel much better.
The two-headed ogre hits you with a +0 giant club!!
The two-headed ogre hits you but does no damage.
The orc hits you but does no damage.
The two-headed ogre hits you with a +0 giant club.
The two-headed ogre hits you with a +0 giant spiked club!!
You die...

#...###.. #.....#..
#....... #.......
###########.......
#.................
#o#########.......
#>(...............
#@O######.#.#####.
#..# #.#.# #. #..#
#.#.# #. #..# #.#.#
#. #######..##
#.#.# #.
#.........# #.#.#
#.
#.#####...#####.#.#
.. #...........#.#
..
#.....##......#..
..


You could see a two-headed ogre and an orc.

Vanquished Creatures
  A water moccasin (D:4)
  A sky beast (D:6)
  A black bear (D:5)
  An ogre (D:5)
  A centaur (D:5)
  A phantom (D:5)
  A kobold brigand (D:5)
  2 wights (D:7)
  A howler monkey (D:5)
  2 hounds (D:5)
  2 bullfrog skeletons (D:6)
  3 iguanas
  14 gnolls
  A howler monkey skeleton (D:4)
  5 adders
  5 worms
  2 dart slugs
  4 orcs
  A bat (D:1)
  2 endoplasms (D:3)
  4 giant cockroaches
  6 goblins
  2 hobgoblins
  4 jackals (D:1)
  9 kobolds
  3 quokkas
  5 ball pythons
  A frilled lizard (D:2)
  2 rats
87 creatures vanquished.

Notes
Turn   | Place    | Note
-------+----------+-------------------------------------------
     0 | D:1      | yokelz the Palentonga Fighter began the quest for the Orb.
     0 | D:1      | Reached XP level 1. HP: 19/19 MP: 1/1
   475 | D:1      | Found a faded altar of an unknown god.
   517 | D:1      | Reached XP level 2. HP: 25/25 MP: 2/2
   632 | D:1      | Found Zuntest's Armour Shoppe.
  1588 | D:2      | You fall into a shaft and drop 2 floors!
  1669 | D:4      | Reached XP level 3. HP: 29/31 MP: 3/3
  2012 | D:4      | Found a glowing golden altar of the Shining One.
  2090 | D:3      | Found a bloodstained altar of Trog.
  2122 | D:3      | Found a sparkling altar of Nemelex Xobeh.
  2252 | D:3      | Found a stormy altar of Qazlal.
  2584 | D:3      | Reached skill level 3 in Maces & Flails
  2679 | D:3      | Reached XP level 4. HP: 37/37 MP: 4/4
  2806 | D:3      | Found a shimmering altar of Xom.
  2916 | D:3      | Found a hide-covered altar of Uskayaw.
  3245 | D:4      | Found Mionuyti's Antique Weapon Shop.
  3264 | D:4      | Reached skill level 4 in Maces & Flails
  3392 | D:4      | Bought a runed whip for 181 gold pieces
  3483 | D:4      | Reached XP level 5. HP: 25/43 MP: 5/5
  3491 | D:4      | HP: 1/43 [gnoll/+0 spear (7)]
  3587 | D:4      | Found an ornate altar of the Wu Jian Council.
  3631 | D:4      | HP: 2/43 [gnoll/+0 spear (1)]
  3635 | D:4      | Reached skill level 5 in Maces & Flails
  4554 | D:4      | Found a shimmering blue altar of Sif Muna.
  4678 | D:5      | Entered Level 5 of the Dungeon
  4678 | D:5      | Noticed a water moccasin
  4700 | D:4      | Killed a water moccasin
  4701 | D:4      | Reached skill level 6 in Maces & Flails
  4701 | D:4      | Reached XP level 6. HP: 39/50 MP: 6/6
  5298 | D:5      | Reached skill level 7 in Maces & Flails
  5298 | D:5      | Gained mutation: You curl defensively after being hit. (AC
                  | +7*) [Palentonga growth]
  5298 | D:5      | Reached XP level 7. HP: 34/55 MP: 7/7
  5523 | D:5      | Reached skill level 8 in Maces & Flails
  6543 | D:6      | Found a radiant altar of Vehumet.
  6564 | D:6      | Reached skill level 9 in Maces & Flails
  6564 | D:6      | Reached XP level 8. HP: 40/62 MP: 8/8
  6777 | D:6      | Found a shadowy altar of Dithmenos.
  6784 | D:6      | Noticed a two-headed ogre
  6900 | D:7      | Noticed a hornet
  6901 | D:7      | Noticed a hornet
  6906 | D:6      | Slain by a two-headed ogre

Illustrated notes

Levels and vault maps discovered:
D:1:      tarquinn_simple_flora_water_c, layout_loops_corners,
          ebering_ecumenical_altar_webs, serial_shops, shop
D:2:      layout_rooms, minmay_crystal_water, minivault_14
D:3:      layout_basic, mainiacjoe_overflow_boulevard, bloody_trog,
          mainiacjoe_overflow_24_doors, nicolae_uskayaw_dance_hall,
          nemelex_spade_bored_becter
D:4:      layout_loops_cross, mainiacjoe_overflow_alcove_1,
          nicolae_overflow_crystal_walls, led_sif_pool, serial_shops,
          shop_coins, nicolae_wormholes
D:5:      layout_basic
D:6:      layout_basic, nicolae_dithmenos_shadow_blocks,
          nicolae_vehumet_radiance, nicolae_figureground_sparkle, uniq_menkaure
D:7:      layout_loops_ring, minmay_temple_entry_ruins, uniq_maggie

Skill      XL: |  1  2  3  4  5  6  7 |
---------------+----------------------+-----
Maces & Flails | 3 4 6 7 9 |  9.5
Fighting       | |  3.4
Armour         | |  2.7
Shields        | |  2.8

Action                   |  1- 3 |  4- 6 |  7- 9 || total
-------------------------+-------+-------+-------++-------
Melee: Flail             |   107 |    34 |    32 ||   173
       Tailslap          |    12 |    13 |    17 ||    42
       Whip              |       |    88 |    56 ||   144
 Abil: Rolling Charge    |     2 |       |       ||     2
Evoke: Wand              |       |     4 |       ||     4
  Use: Potion            |     1 |     1 |     4 ||     6
Armor: Scale mail        |    60 |    35 |    33 ||   128
Dodge: Dodged            |    45 |    34 |    26 ||   105
Block: Buckler           |    15 |    19 |    21 ||    55
